 Dungeon Crawl Stone Soup version 0.29-a0-418-gc0181ea820 (webtiles) character file.

Game seed: 13125422140196770236

44 Hubjo the Firebug (level 3, -17/20 HPs)
             Began as a Deep Elf Fire Elementalist on May 17, 2022.
             Killed from afar by Ijyb (21 damage)
             ... with an iceblast
             ... on level 3 of the Dungeon.
             The game lasted 00:01:49 (3226 turns).

Hubjo the Firebug (Deep Elf Fire Elementalist)      Turns: 3226, Time: 00:01:50

Health: -17/20     AC:  2    Str:  5    XL:     3   Next: 39%
Magic:  6/10       EV: 12    Int: 21    God:
Gold:   97         SH:  0    Dex: 15    Spells: 8/9 levels left

rFire   . . .      SeeInvis .   (no weapon)
rCold   . . .      Faith    .   (no shield)
rNeg    . . .      Spirit   .   a - +0 robe
rPois   .          Reflect  .   (no helmet)
rElec   .          Harm     .   (no cloak)
rCorr   .          Rampage  .   (no gloves)
Will    +....                   (no boots)
Stlth   ++........              (no amulet)
HPRegen 0.06/turn               e - ring of willpower
MPRegen 0.12/turn               (no ring)

@: no status effects
A: no striking features
a: no special abilities


You were on level 3 of the Dungeon.
You visited 1 branch of the dungeon, and saw 3 of its levels.

You collected 97 gold pieces.

Inventory:

Armour
 a - a +0 robe (worn)
Jewellery
 e - a ring of willpower (left hand)
Scrolls
 c - a scroll of teleportation {unknown}
 f - 2 scrolls of identify {unknown}
 g - a scroll of fear {unknown}
 i - 2 scrolls of vulnerability {unknown}
 j - a scroll of fog {unknown}
 k - a scroll of poison {unknown}
Potions
 b - a potion of magic
 d - 3 potions of heal wounds {unknown}
 h - a potion of brilliance {unknown}
 l - a potion of curing {unknown}


   Skills:
 * Level 1.4 Fighting
 - Level 2.4 Dodging
 + Level 3.0 Stealth
 + Level 3.5 Spellcasting
 - Level 1.1 Conjurations
 + Level 3.6 Fire Magic


You had 8 spell levels left.
You knew the following spells:

 Your Spells              Type           Power      Damage    Failure   Level
a - Foxfire               Conj/Fire      52%        2x1d6     4%          1

Your spell library contained the following spells:

 Spells                   Type           Power      Damage    Failure   Level
 Scorch                   Fire           38%        2d6       4%          2
 Conjure Flame            Conj/Fire      13%        6-21      14%         3
 Inner Flame              Hex/Fire       11%        N/A       19%         3
 Flame Wave               Conj/Fire      13%        2d6       43%         4


Dungeon Overview and Level Annotations

Branches:
Dungeon (3/15)

Altars:

Shops:
D:2 [

Annotations:
D:3 Ijyb


Message History

You conjure some foxfire!
Your foxfire dissipates! x4
Your foxfire dissipates!
Your foxfire dissipates! x2
Your foxfire dissipates!
Magic restored.
i - 2 scrolls labelled MYESKI FIALUMN (gained 1) Ijyb the Twisted Goblin comes into view.
She is wielding a +0 dagger and carrying a wand of iceblast (8).
Found a book of Dreams.
Ijyb is nearby!
Ijyb is nearby!
Ijyb is nearby!
A giant cockroach comes into view.
Found a dagger and a granite ring.
You conjure some foxfire!
Ijyb shouts!
A white imp comes into view.
Ijyb zaps a wand.
The mass of ice explodes!
The iceblast engulfs you!
Ouch! That really hurt!
* * * LOW HITPOINT WARNING * * *
The iceblast engulfs your foxfire! The iceblast engulfs your foxfire!!
You are too injured to fight recklessly!
You are too injured to fight recklessly!
Casting: Foxfire (safe; 4% risk of failure)
Confirm with . or Enter, or press ? or * to list all spells.
You conjure some foxfire!
The foxfire hits Ijyb but does no damage.
Casting: Foxfire (safe; 4% risk of failure)
Confirm with . or Enter, or press ? or * to list all spells.
You conjure some foxfire!
The foxfire hits the giant cockroach but does no damage.
Casting: Foxfire (safe; 4% risk of failure)
Confirm with . or Enter, or press ? or * to list all spells.
You conjure some foxfire!
The foxfire hits the giant cockroach.
You kill the giant cockroach!
The foxfire hits Ijyb but does no damage.
Ijyb zaps a wand.
The mass of ice explodes!
The iceblast engulfs your foxfire! The iceblast engulfs you!!
Ouch! That really hurt!
You die...

....... ..... #...#
#######...#
..:.......#
..........# #
......§§§.#######.##
...g.§v@§§.........#
...5..v§###......#.
......v†..<......#
.........#.....<.#
.).......#..........
.=.......#......###.
...).....##.....#
######+#.#........
.########


You could see Ijyb (ally target) and a white imp.

Vanquished Creatures
  An adder (D:2)
  A worm (D:2)
  A dart slug (D:3)
  3 endoplasms
  2 giant cockroaches
  2 goblins
  2 hobgoblins (D:2)
  A quokka (D:1)
  3 ball pythons
  6 bats
  A frilled lizard (D:2)
  4 kobolds
  3 rats
30 creatures vanquished.

Vanquished Creatures (others)
  289 foxfires
289 creatures vanquished.

Grand Total: 319 creatures vanquished

Notes
Turn   | Place    | Note
-------+----------+-------------------------------------------
     0 | D:1      | Hubjo the Deep Elf Fire Elementalist began the quest for
                  | the Orb.
     0 | D:1      | Reached XP level 1. HP: 10/10 MP: 6/6
   914 | D:1      | Reached XP level 2. HP: 16/16 MP: 4/8
  1819 | D:2      | Reached skill level 1 in Fighting
  1933 | D:2      | Found Yfooro Otwu's Antique Armour Boutique.
  2068 | D:2      | Reached XP level 3. HP: 20/20 MP: 5/9
  3220 | D:3      | Noticed Ijyb
  3226 | D:3      | Killed from afar by Ijyb

Illustrated notes

Levels and vault maps discovered:
D:1:      beargit_arrival_diablo_church, layout_basic, grunt_decor_clamped,
          minmay_statues_item
D:2:      layout_basic, serial_shops, nicolae_shop_trees
D:3:      layout_basic, mainiacjoe_overflow_alcove_3, uniq_jessica, uniq_ijyb,
          uniq_crazy_yiuf_cottage

Skill      XL: |  1  2  3 |
---------------+----------+-----
Fighting       | 1 |  1.4
Stealth        | 3 |  3.0
Dodging        | |  2.4
Spellcasting   | |  3.5
Conjurations   | |  1.1
Fire Magic     | |  3.6

Action                   || total
-------------------------++-------
Melee: Unarmed           ||     2
 Cast: Foxfire           ||   180
Armor: Robe              ||     3
Dodge: Dodged            ||     5

Table legend: (Time is in decaauts)
 A = Elapsed time spent in this place.
 B = Non-inter-level travel time spent in this place.
 C = Inter-level travel time spent in this place.
 D = Time resting spent in this place.
 E = Time spent auto-exploring this place.
 F = Levels seen in this place.
 G = Mean time per level.
                   A        B        C        D        E       F      G
               +--------+--------+--------+--------+--------+-----+--------+
         Total |   3224 |   3138 |     86 |      0 |   2855 |   3 | 1074.7 |
       Dungeon |   3224 |   3138 |     86 |      0 |   2855 |   3 | 1074.7 |
               +--------+--------+--------+--------+--------+-----+--------+

Top non-repeatable levels by time:
     D:2: 1676 daAuts
     D:1: 1471 daAuts
     D:3: 77 daAuts
